Map: Simulacrum LE

Players

Lambo

  • Race: Zerg Zerg
  • League: Diamond
  • Spawn Location: 11:00

cure - Winner!

  • Race: Terran Terran
  • Spawn Location: 5:00

Event: Shopify TSL 5

VOD

Have the link to the VOD?

Description

Time

  • Played on: May 23, 2020, 7:29 a.m.
  • Length: 6:05

All games in this series

Show
View Real Time Build Order
Export as new Build Order

Lambo Zerg 

Build Orders: Hatch First 

Get SALT Encoding   

  12  0:01  Drone  
  13  0:12  Overlord  
  13  0:17  Drone  
  14  0:30  Drone  
  14  0:31  Drone  
  16  0:49  Hatchery  
  15  0:52  Drone  
  15  0:55  Drone  
  17  0:59  Drone  
  18  1:12  Extractor  
  18  1:14  Spawning Pool  
  18  1:17  Drone  
  17  1:20  Drone  
  18  1:28  Drone  
  19  1:39  Drone  
  20  1:49  Overlord  
  20  2:00  Queen  
  20  2:01  Zergling x4, Queen  
  26  2:11  Zergling x2  
  26  2:12  Zergling x2  
  24  2:42  Metabolic Boost  
  24  2:48  Drone  
  25  2:51  Drone  
  25  2:56  Drone  
  27  2:58  Drone  
  28  3:06  Overlord  
  28  3:08  Drone  
  28  3:10  Drone  
  30  3:14  Drone  
  30  3:18  Overlord  
  31  3:22  Drone  
  31  3:24  Drone  
  33  3:30  Drone  
  33  3:31  Drone  
  33  3:32  Drone  
  36  3:39  Drone x2  
  38  3:43  Drone  
  39  3:53  Hatchery  
  39  3:54  Drone  
  39  3:58  Drone x2  
  41  4:03  Drone  
  41  4:05  Drone x2  
  44  4:11  Drone  
  44  4:15  Overlord  
  45  4:19  Queen  
  45  4:21  Queen  
  48  4:24  Zergling x4  
  48  4:26  Zergling x2  
  51  4:31  Overlord  
  51  4:36  Zergling x2  
  52  4:42  Drone x2  
  52  4:43  Drone  
  55  4:46  Drone x3  
  55  4:49  Zergling x2  
  55  4:51  Drone x3  
  62  4:58  Overlord  
  62  5:04  Overlord, Queen  
  64  5:10  Drone  
  64  5:11  Queen, Baneling Nest  
  64  5:12  Spore Crawler  
  65  5:15  Drone  
  65  5:18  Drone x4  
  65  5:20  Drone  
  67  5:23  Drone x2  
  67  5:25  Zergling x4  
  67  5:27  Zergling x2  
  68  5:30  Zergling x4  
  70  5:38  Zergling x2  
  70  5:39  Zergling x4  
  73  5:47  Zergling x4  
Show
View Real Time Build Order
Export as new Build Order

cure Terran - Winner!

Build Orders:  

Get SALT Encoding   

  12  0:01  SCV  
  13  0:13  SCV  
  14  0:17  Supply Depot  
  14  0:25  SCV  
  15  0:41  Barracks  
  15  0:50  Barracks  
  15  0:54  SCV  
  16  1:01  Refinery  
  16  1:06  SCV  
  17  1:18  SCV  
  18  1:27  Marine  
  18  1:31  Orbital Command  
  19  1:37  Marine  
  20  1:45  Supply Depot, Marine  
  21  1:54  Marine  
  21  1:56  Bunker  
  23  2:05  Marine  
  23  2:06  SCV  
  24  2:12  Marine  
  25  2:18  SCV  
  26  2:25  Marine  
  23  2:30  SCV, Factory, Marine  
  25  2:42  SCV  
  26  2:55  SCV  
  27  3:02  Command Center  
  27  3:05  Supply Depot  
  27  3:07  SCV  
  28  3:14  Factory Reactor  
  28  3:18  Starport  
  28  3:19  SCV  
  29  3:24  Refinery  
  29  3:31  SCV  
  30  3:37  Supply Depot  
  30  3:43  SCV  
  31  3:51  Hellion x2  
  31  3:54  Medivac  
  37  3:56  SCV  
  37  3:59  Marine  
  39  4:09  Armory, SCV  
  40  4:16  Hellion x2  
  43  4:22  Orbital Command  
  43  4:24  SCV  
  44  4:33  Liberator  
  49  4:38  Hellion  
  49  4:42  Hellion  
  49  4:43  SCV  
  52  4:48  Barracks Reactor, Barracks Tech Lab  
  52  4:51  SCV  
  53  4:55  SCV  
  54  5:01  Supply Depot  
  54  5:06  Hellion x2  
  58  5:08  SCV x2  
  60  5:15  Marine  
  61  5:23  SCV  
  61  5:24  SCV  
  63  5:28  Marine x2  
  63  5:29  Hellion  
  63  5:32  Marine  
  68  5:37  SCV x2  
  68  5:41  Engineering Bay  
  68  5:42  Supply Depot  
  70  5:43  Starport Reactor  
Tags
 
Add a new tag
Caveats
  • Supply blocks, unpowered buildings, or Contaminate may cause inaccurate times.
  • Supply counts are checked every 10 seconds.